Map: Prion Terraces

Players

콩탈 - Winner!

  • Race: Protoss Protoss
  • League: Diamond

ILLBdA

  • Race: Protoss Protoss
  • League: Diamond

VOD

Have the link to the VOD?

Description

Time

  • Played on: Dec. 22, 2015, 11 a.m.
  • Length: 6:28
Show
View Real Time Build Order
Export as new Build Order

콩탈 Protoss - Winner!

Build Orders: Phoenix Opening 

Get SALT Encoding   

  12  0:01  Probe (Chrono Boost)  
  13  0:11  Probe (Chrono Boost)  
  14  0:18  Pylon  
  14  0:22  Probe (Chrono Boost)  
  15  0:36  Probe (Chrono Boost)  
  16  0:43  Gateway  
  16  0:45  Assimilator  
  16  0:51  Pylon  
  16  0:55  Probe (Chrono Boost)  
  17  1:01  Assimilator  
  17  1:08  Probe (Chrono Boost)  
  18  1:20  Probe (Chrono Boost)  
  19  1:29  Zealot (Chrono Boost)  
  19  1:32  Cybernetics Core  
  21  1:37  Probe  
  22  1:49  Probe  
  23  2:10  Mothership Core (Chrono Boost)  
  23  2:12  Pylon  
  25  2:18  Pylon  
  24  2:38  Pylon  
  24  2:41  Pylon  
  24  2:46  Stargate  
  24  3:04  Probe (Chrono Boost)  
  25  3:14  Stargate  
  25  3:15  Probe (Chrono Boost)  
  26  3:20  Gateway  
  26  3:29  Phoenix (Chrono Boost)  
  28  3:43  Probe  
  29  3:51  Phoenix (Chrono Boost)  
  31  3:59  Phoenix (Chrono Boost)  
  33  4:07  Stalker (Chrono Boost)  
  35  4:14  Phoenix (Chrono Boost)  
  35  4:37  Phoenix (Chrono Boost)  
  37  4:49  Pylon  
  37  4:51  Phoenix (Chrono Boost)  
  37  5:03  Phoenix (Chrono Boost)  
  37  5:06  Pylon  
  39  5:10  Stalker  
  41  5:14  Pylon  
  41  5:18  Probe  
  42  5:30  Probe  
  45  5:38  Phoenix (Chrono Boost)  
  45  5:48  Probe  
  46  5:55  Nexus  
  46  5:58  Pylon  
  46  6:00  Probe  
  49  6:12  Probe  
Show
View Real Time Build Order
Export as new Build Order

ILLBdA Protoss 

Build Orders:  

Get SALT Encoding   

  12  0:01  Probe (Chrono Boost)  
  13  0:11  Probe (Chrono Boost)  
  14  0:17  Pylon  
  14  0:22  Probe (Chrono Boost)  
  15  0:35  Probe (Chrono Boost)  
  16  0:38  Forge  
  16  0:45  Probe (Chrono Boost)  
  17  1:03  Probe (Chrono Boost)  
  18  1:14  Probe (Chrono Boost)  
  18  1:15  Pylon  
  19  1:24  Probe (Chrono Boost)  
  20  1:33  Photon Cannon  
  20  1:34  Photon Cannon  
  20  1:36  Pylon  
  20  1:41  Gateway  
  20  1:55  Assimilator  
  20  2:00  Assimilator  
  20  2:18  Probe (Chrono Boost)  
  21  2:29  Pylon  
  21  2:30  Pylon  
  21  2:33  Probe (Chrono Boost)  
  22  2:38  Cybernetics Core  
  22  2:39  Pylon  
  22  2:45  Probe (Chrono Boost)  
  23  2:51  Pylon  
  23  3:08  Probe (Chrono Boost)  
  26  3:14  Stalker (Chrono Boost), Warp Gate  
  26  3:19  Pylon  
  26  3:23  Probe, Stargate  
  27  3:30  Pylon  
  27  3:35  Probe  
  27  3:40  Stalker (Chrono Boost)  
  30  3:48  Probe  
  31  3:59  Nexus  
  31  4:00  Mothership Core  
  33  4:10  Oracle (Chrono Boost)  
  36  4:21  Probe  
  36  4:24  Photon Cannon  
  37  4:30  Gateway  
  37  4:33  Gateway  
  38  4:45  Phoenix (Chrono Boost)  
  38  4:50  Pylon  
  38  4:53  Probe  
  37  5:07  Phoenix (Chrono Boost)  
  37  5:17  Probe  
  38  5:21  Pylon  
  38  5:29  Probe, Phoenix (Chrono Boost)  
  41  5:37  Stalker x3  
  44  5:49  Photon Cannon  
  39  5:50  Probe  
  39  5:51  Probe  
  41  6:03  Probe  
  41  6:06  Probe  
  38  6:15  Stalker  
  43  6:28  Assimilator x2  
Tags
 
Matchup
PvP
Replay Pack
me
Add a new tag
Caveats
  • Supply blocks, unpowered buildings, or Contaminate may cause inaccurate times.
  • Supply counts are checked every 10 seconds.